 Dungeon Crawl Stone Soup version 0.28-a0-245-g639a1a48b9 (webtiles) character file.

Game seed: 5323994436503431731

249534 Lochraine the Unseen (level 18, -15/102 HPs)
             Began as a Spriggan Enchanter on Aug 23, 2021.
             Was a High Priest of Ashenzari.
             Shot with a bolt by a yaktaur captain (50 damage)
             ... on level 2 of the Vaults on Aug 24, 2021.
             The game lasted 03:30:21 (52298 turns).

Lochraine the Unseen (Spriggan Enchanter)          Turns: 52298, Time: 03:30:21

Health: -15/102    AC:  6    Str:  5    XL:     18   Next: 88%
Magic:  36/36      EV: 44    Int: 22    God:    Ashenzari [*****.]
Gold:   3094       SH: 13    Dex: 28    Spells: 2/44 levels left

rFire   . . .      SeeInvis +   b - +11 hand crossbow "Zucana" {venom, Dex+8}
rCold   . . .      Faith    .   O - +2 buckler "Share My Altruism" {rElec rN+ Int+4 Stlth-, Melee, Elem} (curse)
rNeg    + . .      Spirit   .   H - +4 robe "Henotheism of Ashenzari" {Int-3 Dex+2 Slay+3, Cun, Self} (curse)
rPois   +          Reflect  .   (helmet restricted)
rElec   +          Harm     .   C - scarf of the Sublime Seer {+Inv, Fort, Bglg} (curse)
rCorr   .          Rampage  .   (gloves unavailable)
Will    +++..      Clarity  +   (boots unavailable)
Stlth   ++++++++..              T - amulet of Panopticon {RegenMP, Cun, Comp} (curse)
HPRegen 0.27/turn               s - ring "Ensconced Lethargy" {rPois, Melee, Cun} (curse)
MPRegen 0.50/turn               V - ring of Ashenzari's Secrets {rElec EV+4, Self, Elem} (curse)

@: very quick
A: very small, no large weapons, unfitting armour, see invisible, speed 3
}: 2/15 runes: decaying, gossamer
a: Renounce Religion, Evoke Invisibility, Curse Item, Shatter the Chains


You were on level 2 of the Vaults.
You worshipped Ashenzari.
Ashenzari was extremely pleased with you.
You visited 7 branches of the dungeon, and saw 35 of its levels.
You also visited: Bailey.

You collected 5047 gold pieces.
You spent 1953 gold pieces at shops.

Inventory:

Hand Weapons
 a - a +2 dagger of venom
   (You took it off Nergalle on level 3 of the Lair of Beasts)
 b - the +11 hand crossbow "Zucana" (weapon) {venom, Dex+8}
   (You found it on level 8 of the Dungeon)

   Any ammunition fired from it poisons the flesh of those it strikes.
   Dex:       It affects your dexterity (+8).
 X - the +7 scimitar "Wutriojy" {flame, rN+ Str-3 Int+4 Stlth+}
   (You took it off a yaktaur on level 1 of the Vaults)

   It burns those it strikes, dealing additional fire damage.
   Big, fiery blades are also staple armaments of hydra-hunters.
   Str:       It affects your strength (-3).
   Int:       It affects your intelligence (+4).
   rN:        It protects you from negative energy.
   Stlth:     It makes you more stealthy.
Missiles
 m - 123 poisoned darts
 D - 335 bolts (quivered ammo)
 Y - a throwing net
Armour
 C - the cursed scarf of the Sublime Seer (worn) {+Inv, Fort, Bglg}
   (You bought it in a shop on level 2 of the Orcish Mines)

   It has a curse which improves the following skills: Fortitude: Armour and
   Shields.
   Beguiling: Conjurations, Hexes and Translocations.
 H - the cursed +4 robe "Henotheism of Ashenzari" (worn) {Int-3 Dex+2 Slay+3, Cun, Self}
   (You bought it in a shop on level 2 of the Orcish Mines)

   Int:       It affects your intelligence (-3).
   Dex:       It affects your dexterity (+2).
   Slay:      It affects your accuracy & damage with ranged weapons and melee
   (+3).
   It has a curse which improves the following skills: Cunning: Dodging and
   Stealth.
   Introspection: Fighting and Spellcasting.
 L - a +0 buckler of protection
   (You found it on level 2 of the Lair of Beasts)
 O - the cursed +2 buckler "Share My Altruism" (worn) {rElec rN+ Int+4 Stlth-, Melee, Elem}
   (You found it on level 3 of the Swamp)

   Int:       It affects your intelligence (+4).
   rElec:     It insulates you from electricity.
   rN:        It protects you from negative energy.
   Stlth:     It makes you less stealthy.
   It has a curse which improves the following skills: Melee Combat: Short
   Blades, Long Blades, Axes, Maces & Flails, Polearms, Staves and Unarmed
   Combat.
   Elements:  Fire Magic, Ice Magic, Air Magic and Earth Magic.
Jewellery
 c - an amulet of regeneration
   (You bought it in a shop on level 2 of the Orcish Mines)
 p - a +6 ring of strength
   (You found it on level 4 of the Swamp)
 s - the cursed ring "Ensconced Lethargy" (left hand) {rPois, Melee, Cun}
   (You found it on level 4 of the Dungeon)

   [ring of poison resistance]

   rPois:     It protects you from poison.
   It has a curse which improves the following skills: Melee Combat: Short
   Blades, Long Blades, Axes, Maces & Flails, Polearms, Staves and Unarmed
   Combat.
   Cunning:   Dodging and Stealth.
 I - a +4 ring of evasion
   (You found it on level 2 of the Swamp)
 Q - a ring of ice
   (You found it on level 11 of the Dungeon)
 T - the cursed amulet of Panopticon (around neck) {RegenMP, Cun, Comp}
   (You found it on level 1 of the Spider Nest)

   [amulet of magic regeneration]

   It increases your rate of magic regeneration.
   It has a curse which improves the following skills: Cunning: Dodging and
   Stealth.
   Companions: Summonings and Necromancy.
 U - a ring of willpower
   (You found it on level 2 of the Spider Nest)
 V - the cursed ring of Ashenzari's Secrets (right hand) {rElec EV+4, Self, Elem}
   (You bought it in a shop on level 2 of the Orcish Mines)

   [ring of evasion]

   EV:        It affects your evasion (+4).
   rElec:     It insulates you from electricity.
   It has a curse which improves the following skills: Introspection: Fighting
   and Spellcasting.
   Elements:  Fire Magic, Ice Magic, Air Magic and Earth Magic.
Wands
 d - a wand of iceblast (17)
   (You found it on level 2 of the Dungeon)
 j - a wand of charming (6)
   (You found it on level 3 of the Swamp)
 l - a wand of mindburst (13)
   (You found it on level 1 of the Lair of Beasts)
 t - a wand of flame (103)
   (You found it on level 8 of the Dungeon)
 u - a wand of paralysis (14)
   (You found it on level 11 of the Dungeon)
 v - a wand of digging (8)
   (You found it on level 1 of the Spider Nest)
 x - a wand of acid (7)
   (You found it on level 4 of the Dungeon)
 E - a wand of polymorph (34)
   (You found it on level 4 of the Dungeon)
Scrolls
 f - 4 scrolls of fear
 h - 2 scrolls of blinking
 i - 3 scrolls of fog
 k - 7 scrolls of amnesia
 w - 9 scrolls of noise {!r}
 y - 3 scrolls of vulnerability {!r}
 J - 3 scrolls of enchant armour
 M - 2 scrolls of enchant weapon
 R - 4 scrolls of magic mapping
 S - 5 scrolls of teleportation {@r4}
 W - a scroll of summoning
Potions
 e - 4 potions of heal wounds {@q2}
 g - 7 potions of brilliance
 n - 2 potions of berserk rage
 o - 4 potions of might
 q - 7 potions of degeneration {!q}
 r - a potion of cancellation
 z - 6 potions of curing {@q1}
 A - 4 potions of resistance
 B - 3 potions of magic
 F - 17 potions of ambrosia
 G - 4 potions of flight
 P - 2 potions of haste {@q3}
Miscellaneous
 K - a box of beasts
   (You found it on level 2 of the Lair of Beasts)
 N - a phial of floods
   (You found it on level 3 of the Lair of Beasts)


   Skills:
 + Level 10.3(14.1) Fighting
 - Level 6.5(10.5) Short Blades
 - Level 8.0 Crossbows
 - Level 5.8(8.5) Armour
 - Level 13.3(18.0) Dodging
 + Level 18.4(22.7) Stealth
 - Level 7.2(9.9) Shields
 - Level 9.8(13.6) Spellcasting
 - Level 5.8(8.5) Conjurations
 - Level 12.2(14.6) Hexes
 - Level 16.8(18.9) Translocations
 - Level 8.6(12.5) Ice Magic
 - Level 5.3(9.3) Air Magic
 + Level 6.6(10.6) Earth Magic
 + Level 11.2 Evocations


You had 2 spell levels left.
You knew the following spells:

 Your Spells              Type           Power      Damage    Failure   Level
a - Ensorcelled Hibernat  Hex/Ice        100%       N/A       1%          2
b - Portal Projectile     Hex/Tloc       100%       N/A       0%          3
c - Tukima's Dance        Hex            68%        N/A       1%          3
d - Blink                 Tloc           N/A        N/A       0%          2
e - Passwall              Tmut/Erth      31%        N/A       1%          2
f - Manifold Assault      Tloc           78%        N/A       1%          5
g - Metabolic Englaciati  Hex/Ice        32%        N/A       1%          5
h - Freezing Cloud        Conj/Ice/Air   28%        6-21      1%          5
i - Apportation           Tloc           100%       N/A       0%          1
j - Confusing Touch       Hex            68%        N/A       1%          3
k - Dispersal             Tloc           39%        N/A       1%          6
l - Lee's Rapid Deconstr  Erth           29%        3d16*     1%          5

Your spell library contained the following spells:

 Spells                   Type           Power      Damage    Failure   Level
 Corona                   Hex            75%        N/A       0%          1
 Sandblast                Erth           100%       2d20      1%          1
 Corpse Rot               Necr/Air       N/A        N/A       1%          2
 Poisonous Vapours        Pois/Air       70%        N/A       1%          2
 Animate Skeleton         Necr           32%        N/A       3%          1
 Summon Small Mammal      Summ           64%        N/A       3%          1
 Lesser Beckoning         Tloc           39%        N/A       0%          3
 Dazzling Flash           Conj/Hex       100%       N/A       1%          3
 Ozocubu's Armour         Ice            63%        N/A       1%          3
 Summon Guardian Golem    Hex/Summ       47%        N/A       1%          3
 Leda's Liquefaction      Hex/Erth       31%        N/A       1%          4
 Summon Lightning Spire   Summ/Air       36%        N/A       5%          4
 Call Canine Familiar     Summ           16%        N/A       11%         3
 Disjunction              Tloc           39%        N/A       12%         8
 Simulacrum               Ice/Necr       21%        N/A       41%         6
 Storm Form               Tmut/Air       17%        N/A       99%         7
 Maxwell's Capacitive Co  Air            27%        ∞         99%         8


Dungeon Overview and Level Annotations

Branches:
Dungeon (15/15)            Temple (1/1) D:6            Lair (6/6) D:9
  Swamp (4/4) Lair:3       Spider (4/4) Lair:2        Slime (0/5) Lair:5
    Orc (2/2) D:12            Elf (0/3) Orc:2        Vaults (3/5) D:14
 Depths (0/5) D:15         Bailey (visited)
  Crypt: Vaults:2-3

Altars:
Ashenzari
Cheibriados
Dithmenos
Elyvilon
Fedhas
Gozag
Hepliaklqana
Kikubaaqudgha
Makhleb
Nemelex Xobeh
Okawaru
Qazlal
Ru
Sif Muna
Trog
Uskayaw
Vehumet
Wu Jian
Xom
Yredelemnul
Zin
The Shining One
Jiyva

Shops:
D:3 [   D:4 [   Orc:2 ?![=   Vaults:2 [

Portals:
Pandemonium: Orc:2
Trove: Vaults:1 (give 16 potions of curing)

Annotations:
D:3 Grinder
D:13 Azrael


Innate Abilities, Weirdness & Mutations

You are very small and have problems with some larger weapons.
You are too small for most types of armour.
You have supernaturally acute eyesight. (SInv)
You cover ground extremely quickly. (Speed+++)


Message History

The ironbound frostheart is engulfed in freezing vapours.
The ironbound preserver is engulfed in freezing vapours.
The vault warden is engulfed in freezing vapours.
The ironbound frostheart is engulfed in freezing vapours.
The ironbound preserver is engulfed in freezing vapours.
The ironbound frostheart is engulfed in freezing vapours.
You can't see any susceptible monsters within range! (Use Z to cast anyway.) Unknown command.
Unknown command.
Aim: a vault warden, wielding a +0 war axe and wearing a +0 chain mail (freezing vapour, severely wounded, 73% to hit)
Out of range.
Okay, then.
Unknown command.
Unknown command.
The ironbound frostheart is engulfed in freezing vapours.
The ironbound preserver is engulfed in freezing vapours.
The ironbound preserver mumbles some strange words.
The ironbound preserver begins to accept its allies' injuries.
Fire: 338 bolts
Aim: an ironbound frostheart, wearing a +0 scale mail (moderately wounded, summoned, sheltered from injuries, 83% to hit)
You shoot a bolt. The bolt hits the ironbound frostheart.
The ironbound frostheart is poisoned.
The ironbound frostheart calls freezing cold from the walls.
The frost grips you!!
You are encased in ice.
The ironbound preserver is engulfed in freezing vapours.
The ironbound preserver gestures wildly while chanting.
The ironbound preserver begins to accept its allies' injuries.
Fire: 337 bolts
Aim: an ironbound frostheart, wearing a +0 scale mail (moderately wounded, summoned, sheltered from injuries, poisoned, 83% to hit)
You shoot a bolt. The bolt hits the ironbound frostheart!
The ironbound frostheart looks as sick as possible!
Fire: 336 bolts
Aim: an ironbound frostheart, wearing a +0 scale mail (heavily wounded, summoned, sheltered from injuries, extremely poisoned, 83% to hit)
You shoot a bolt.
The bolt barely misses the ironbound frostheart.
The bolt hits the ironbound preserver.
The ironbound preserver looks as sick as possible!
The ironbound frostheart calls freezing cold from the walls.
The frost grips you!!
* * * LOW HITPOINT WARNING * * *
The ice encasing you melts away.
You feel a bit more experienced.
The runic seal fades away.
You open the door.
There is an open door here.
The yaktaur captain shouts!
Okay, then.
The yaktaur captain shoots a bolt.
The bolt hits you!!!
You die...

...........#.............#.....##
############{..p.........########
.............####p.......########
.............#..#'#......##.#.#..
..........∆.##....###....###{#)#.
########....#.......###..##c#.#.#
.......#..(##.........#..###.#.##
##.###.#.((#..........#..##.#.###
u#.#u#.#.p##....@....##..##..####
##.###.#.{#..^.......#...##.#.###
.......#..#......<..##...###.#.##
#####'###.###.......')...##.#.#.#
.#......#p.{#+#c...##(...###.#.#.
.#.####.#.....###..#..)).##.#.#..
.#.#..#.#.c.....####[....######c#
.#.##'#.#...{............#.......
.#.#..#"#...........(..{.#...{.).


You could see a yaktaur captain and an ironbound frostheart (summoned, very
poisoned).

Vanquished Creatures
  Bai Suzhen (Swamp:4)
  the Lernaean hydra (Swamp:4)
  A tentacled monstrosity (Swamp:3)
  A sphinx (Vaults:1)
  A thorn hunter (Swamp:4)
  A fenstrider witch (Swamp:2)
  An orc warlord (Vaults:1)
  A vault warden (Vaults:2)
  6 emperor scorpions
  4 ghost moths
  4 ironbound preservers
  A war gargoyle (Vaults:1)
  2 very ugly things (Vaults:1)
  A stone giant (Vaults:1)
  4 entropy weavers
  A dire elephant (Vaults:1)
  6 bunyips
  3 spark wasps (Spider:4)
  An ettin (Vaults:2)
  5 eleionomae
  Snorg (D:10)
  A fire dragon (D:15)
  2 yaktaur captains
  A peacekeeper (Vaults:1)
  An ironbound thunderhulk (Vaults:1)
  27 hydras
  Erolcha (D:9)
  4 vault guards
  2 ironbound frosthearts (Vaults:1)
  A great orb of eyes (Vaults:2)
  2 catoblepae
  4 ghost crabs
  3 boulder beetles
  Erica (D:10)
  6 two-headed ogres
  9 centaur warriors
  4 alligators
  3 death yaks
  An ironbound beastmaster (Vaults:1)
  2 spriggan berserkers
  5 orc high priests
  Nergalle (Lair:3)
  7 skeletal warriors
  5 goliath frogs
  2 spark wasp zombies (D:15)
  A glowing orange brain (Vaults:1)
  2 torturous demonspawn (Orc:2)
  5 deep trolls (Vaults:1)
  An infernal demonspawn (Orc:2)
  12 bog bodies
  4 spriggan druids
  8 swamp dragons
  3 phantasmal warriors
  Pikel (D:7)
  5 ironbound convokers
  A lindwurm (Lair:6)
  A necromancer (D:15)
  4 harpies
  2 deep elf pyromancers
  14 wolf spiders
  7 orc knights
  7 orc sorcerers
  21 orb spiders
  4 ugly things (Vaults:1)
  4 cyclopes
  2 will-o-the-wisps (Swamp:3)
  7 moths of wrath
  5 manticores
  12 elephants
  2 rust devils (Orc:2)
  7 vault sentinels
  Maurice (Orc:2)
  2 black mambas
  A guardian serpent (shapeshifter) (D:15)
  11 cane toads
  4 gargoyles
  4 torpor snails (Lair:6)
  An orange demon (Orc:2)
  2 kobold demonologists (D:10)
  An unseen horror (D:12)
  Psyche (D:9)
  12 demonic crawlers
  4 rime drakes
  18 yaktaurs
  11 komodo dragons
  A freezing wraith (D:15)
  29 jumping spiders
  4 trolls
  A bloated husk (Swamp:2)
  A queen bee (Spider:4)
  6 meliai
  2 polar bears (Lair:4)
  29 blink frogs
  4 tyrant leeches
  16 hornets
  10 slime creatures
  A dream sheep (Lair:6)
  An ettin zombie (D:15)
  A fire dragon skeleton (D:15)
  A centaur simulacrum (D:14)
  Sigmund (D:6)
  23 tarantellas
  2 shadows
  60 redbacks
  13 spriggans
  33 yaks
  10 wyverns
  3 wraiths
  2 fire elementals (D:13)
  4 basilisks
  2 chaos spawn (Orc:2)
  A steam dragon (Lair:3)
  10 vampire mosquitoes
  5 wargs
  15 swamp worms
  A hell hound (D:13)
  Duvessa (D:5)
  23 water moccasins
  9 swamp drakes
  26 orc warriors
  An ice beast (D:8)
  2 sky beasts
  4 necrophages
  5 black bears (Lair:3)
  3 boggarts (Vaults:2)
  5 ogres
  9 wolves
  21 centaurs
  Blork the orc (D:6)
  3 kobold brigands
  5 bullfrogs
  3 scorpions
  Dowan (D:6)
  20 killer bees (Spider:4)
  2 wights (D:7)
  6 electric eels
  2 howler monkeys
  A crimson imp (Spider:4)
  4 centaur zombies
  A centaur skeleton (D:7)
  3 hounds
  A jelly (D:8)
  Crazy Yiuf (D:6)
  28 orc priests
  2 iguanas
  Natasha (thrice) (D:3)
  19 orc wizards
  A howler monkey zombie (D:7)
  2 howler monkey skeletons
  7 adders
  8 gnolls
  2 river rats (D:9)
  2 shadow imps
  3 ufetubi (D:5)
  2 adder skeletons (D:4)
  6 worms
  4 dart slugs
  70 orcs
  9 bats
  3 endoplasms (D:2)
  4 giant cockroaches
  14 goblins
  4 hobgoblins
  7 jackals
  4 quokkas
  3 ball pythons
  3 frilled lizards
  29 kobolds
  5 rats
1056 creatures vanquished.

Vanquished Creatures (collateral kills)
  2 eleionomae (Swamp:2)
  An ironbound frostheart (Vaults:2)
  2 orc high priests (Orc:2)
  3 orc warriors
  4 wights
  An orc (Bailey)
13 creatures vanquished.

Vanquished Creatures (others)
  Asterion (Vaults:1)
  2 swamp dragons (Swamp:4)
  A wizard (D:14)
  A tyrant leech (Swamp:4)
  2 bloated husks
  A redback (Spider:1)
  A spriggan (Swamp:1)
  3 dancing weapons
  A swamp worm (Swamp:4)
  2 foxfires (Swamp:3)
  31 fungi
  23 plants
  8 withered plants
77 creatures vanquished.

Grand Total: 1146 creatures vanquished

Notes
Turn   | Place    | Note
-------+----------+-------------------------------------------
     0 | D:1      | Lochraine the Spriggan Enchanter began the quest for the
                  | Orb.
     0 | D:1      | Reached XP level 1. HP: 9/9 MP: 5/5
   172 | D:1      | Reached XP level 2. HP: 13/13 MP: 6/6
   175 | D:1      | Learned a level 2 spell: Ensorcelled Hibernation
   614 | D:1      | Reached XP level 3. HP: 16/16 MP: 8/8
   834 | D:2      | Reached skill level 5 in Stealth
  1793 | D:2      | Learned a level 3 spell: Confusing Touch
  1990 | D:2      | Reached XP level 4. HP: 21/21 MP: 10/10
  2194 | D:2      | Reached skill level 1 in Ice Magic
  2584 | D:3      | Noticed Natasha
  2586 | D:3      | Killed Natasha
  2689 | D:3      | Learned a level 3 spell: Tukima's Dance
  2775 | D:3      | Reached XP level 5. HP: 18/24 MP: 4/11
  2996 | D:3      | Noticed Natasha
  3034 | D:3      | Killed Natasha
  3151 | D:3      | Found Reagid's Armour Emporium.
  3288 | D:3      | Noticed Grinder
  3331 | D:3      | Noticed Natasha
  3338 | D:3      | Killed Natasha
  3418 | D:3      | Reached skill level 6 in Stealth
  3915 | D:3      | Found a faded altar of an unknown god.
  3915 | D:3      | Noticed a great orb of eyes
  3925 | D:3      | Noticed a floating eye
  4105 | D:3      | Noticed a shining eye
  4105 | D:3      | Noticed an eye of devastation
  4362 | D:4      | Reached skill level 5 in Hexes
  4362 | D:4      | Reached XP level 6. HP: 28/28 MP: 13/13
  4704 | D:4      | Found Veceoggu's Antique Armour Shoppe.
  5665 | D:5      | Entered Level 5 of the Dungeon
  5679 | D:5      | Noticed a sky beast
  5771 | D:5      | Reached XP level 7. HP: 27/32 MP: 8/15
  6124 | D:5      | Identified 3 scrolls of acquirement
  6124 | D:5      | Acquired a book of Spatial Translocations
  6126 | D:5      | Acquired 630 gold pieces
  6128 | D:5      | Acquired a +0 buckler of protection
  6187 | D:5      | Reached skill level 7 in Stealth
  6298 | D:5      | Reached skill level 5 in Spellcasting
  6677 | D:5      | Reached skill level 1 in Shields
  7155 | D:6      | Noticed a wraith
  7156 | D:6      | Killed a wraith
  7197 | D:6      | Noticed Duvessa
  7230 | D:5      | Reached XP level 8. HP: 14/36 MP: 5/17
  7620 | D:6      | Noticed Dowan
  7749 | D:6      | Killed Dowan
  7816 | D:5      | Learned a level 2 spell: Blink
  7818 | D:6      | Noticed Sigmund
  7838 | D:6      | Noticed Blork the orc
  7887 | D:5      | Killed Duvessa
  8033 | D:6      | Killed Blork the orc
  8037 | D:6      | Reached skill level 1 in Translocations
  8047 | D:6      | Killed Sigmund
  8048 | D:6      | Reached skill level 8 in Stealth
  8504 | D:6      | Found a staircase to the Ecumenical Temple.
  8511 | Temple   | Entered the Ecumenical Temple
  8627 | Temple   | Became a worshipper of Ashenzari the Shackled
  8706 | D:6      | Found a runed translucent door.
  8707 | D:6      | Noticed Crazy Yiuf
  9000 | D:6      | Found a bloodstained altar of Trog.
  9088 | D:6      | Killed Crazy Yiuf
  9239 | D:7      | Noticed a manticore
  9534 | D:7      | Reached skill level 5 in Short Blades
  9802 | D:7      | Reached XP level 9. HP: 39/39 MP: 19/19
 10082 | D:7      | Noticed Pikel
 10124 | D:7      | Killed Pikel
 10125 | D:7      | Reached skill level 9 in Stealth
 11253 | D:8      | Identified the +11 hand crossbow "Zucana" {venom, Dex+8}
 11581 | D:7      | Killed a manticore
 11582 | D:7      | Reached skill level 1 in Crossbows
 12071 | D:8      | Reached * piety under Ashenzari
 12287 | D:8      | Reached XP level 10. HP: 44/44 MP: 18/21
 12305 | D:8      | Reached skill level 5 in Shields
 13339 | D:9      | Learned a level 2 spell: Passwall
 13352 | D:9      | Identified the +1 hand axe of the Briny Deep {vorpal, Dex+2
                  | SInv}
 13587 | D:9      | Reached skill level 1 in Fighting
 13587 | D:9      | Reached skill level 1 in Earth Magic
 13990 | D:9      | Found a flagged portal.
 14011 | Bailey   | Entered a bailey
 14092 | Bailey   | Found an iron altar of Okawaru.
 14092 | Bailey   | Noticed an orc high priest
 14092 | Bailey   | Noticed an orc sorcerer
 14100 | Bailey   | Killed an orc sorcerer
 14201 | Bailey   | Noticed an orange demon
 14201 | Bailey   | Noticed an orange demon
 14387 | D:9      | Reached ** piety under Ashenzari
 14493 | D:9      | Reached skill level 5 in Crossbows
 14574 | D:9      | Noticed a death yak
 14577 | D:9      | Noticed Psyche
 14635 | D:9      | Noticed a death yak
 14635 | D:9      | Noticed a death yak
 14684 | D:8      | Killed a death yak
 14685 | D:8      | Reached skill level 5 in Translocations
 14915 | D:9      | Noticed Erolcha
 14950 | D:9      | Found a staircase to the Lair.
 14989 | D:9      | Killed Psyche
 15424 | D:9      | Killed a death yak
 15425 | D:9      | Reached XP level 11. HP: 42/52 MP: 22/22
 15488 | D:8      | Reached *** piety under Ashenzari
 15557 | D:9      | Killed a death yak
 15581 | D:9      | Killed Erolcha
 15841 | D:10     | Entered Level 10 of the Dungeon
 16285 | D:10     | Noticed Snorg
 16292 | D:10     | Killed Snorg
 16293 | D:10     | Reached skill level 10 in Stealth
 16491 | D:10     | Learned a level 5 spell: Manifold Assault
 16764 | D:10     | Noticed Erica
 16770 | D:10     | Killed Erica
 16848 | Lair:1   | Entered Level 1 of the Lair of Beasts
 17042 | Lair:1   | Reached skill level 5 in Dodging
 17571 | Lair:1   | Reached skill level 11 in Stealth
 17571 | Lair:1   | Reached XP level 12. HP: 58/58 MP: 23/23
 18016 | Lair:2   | Reached skill level 1 in Evocations
 18084 | Lair:2   | Noticed a four-headed hydra
 18130 | Lair:2   | Killed a four-headed hydra
 18191 | Lair:2   | Noticed a six-headed hydra
 18211 | Lair:2   | Killed a six-headed hydra
 18413 | Lair:2   | Found a hole to the Spider Nest.
 18748 | Lair:3   | Found a staircase to the Swamp.
 18869 | Lair:3   | Acquired 1047 gold pieces
 18882 | Lair:3   | Reached skill level 5 in Fighting
 18946 | Lair:3   | Noticed a five-headed hydra
 18965 | Lair:3   | Killed a five-headed hydra
 19782 | Lair:3   | Reached skill level 5 in Ice Magic
 19783 | Lair:3   | Noticed Nergalle
 19791 | Lair:3   | Killed Nergalle
 19792 | Lair:3   | Reached skill level 12 in Stealth
 19988 | Lair:4   | Reached XP level 13. HP: 53/64 MP: 10/26
 20334 | Lair:4   | Found an ancient bone altar of Kikubaaqudgha.
 20760 | Lair:4   | Reached skill level 10 in Translocations
 21123 | Lair:5   | Identified the +6 plate armour of Haady {rC+ Dex+2}
 21128 | Lair:5   | Identified the -4 helmet of the Sturgeon {Int+4 Stlth+}
 21347 | Lair:5   | Reached skill level 5 in Evocations
 21891 | Lair:5   | Found a viscous altar of Jiyva.
 21891 | Lair:5   | Found a staircase to the Slime Pits.
 21986 | Lair:6   | Entered Level 6 of the Lair of Beasts
 22011 | Lair:6   | Found a snail-covered altar of Cheibriados.
 22530 | Lair:6   | Noticed a dire elephant
 22530 | Lair:6   | Identified the +7 plate armour of Tuyxkot {rF++ Will+ Str+3
                  | Dex-4}
 22554 | Lair:6   | Reached skill level 13 in Stealth
 22824 | Lair:6   | Reached skill level 10 in Hexes
 23427 | Lair:6   | Reached XP level 14. HP: 64/70 MP: 27/27
 24795 | D:12     | Found a staircase to the Orcish Mines.
 25263 | D:13     | Noticed Azrael
 25462 | D:13     | Reached skill level 10 in Dodging
 25462 | D:13     | Reached skill level 14 in Stealth
 26001 | D:14     | Identified the +0 chain mail of the Apothecary {-Tele Fly
                  | rN++ Int+4}
 26559 | D:14     | Found a gate to the Vaults.
 26769 | D:15     | Entered Level 15 of the Dungeon
 27576 | D:15     | Found a staircase to the Depths.
 27921 | D:15     | Reached XP level 15. HP: 38/77 MP: 28/28
 27966 | D:15     | Learned a level 5 spell: Metabolic Englaciation
 28145 | D:15     | Reached skill level 15 in Stealth
 28921 | Swamp:1  | Entered Level 1 of the Swamp
 29207 | Spider:1 | Entered Level 1 of the Spider Nest
 29560 | Spider:1 | Identified the +9 great sword of the Curious Queens
                  | {freeze, rCorr}
 30881 | Spider:3 | Learned a level 5 spell: Freezing Cloud
 30902 | Spider:3 | Noticed a ghost moth
 30963 | Spider:3 | Reached **** piety under Ashenzari
 31022 | Spider:3 | Killed a ghost moth
 31036 | Spider:3 | Reached skill level 1 in Air Magic
 31152 | Spider:4 | Entered Level 4 of the Spider Nest
 31169 | Spider:4 | Reached skill level 1 in Armour
 31169 | Spider:4 | Reached skill level 1 in Conjurations
 31468 | Spider:4 | Noticed a ghost moth
 31496 | Spider:4 | Killed a ghost moth
 31585 | Spider:4 | Learned a level 1 spell: Apportation
 31632 | Spider:4 | Noticed a ghost moth
 31650 | Spider:4 | Killed a ghost moth
 31651 | Spider:4 | Reached XP level 16. HP: 65/82 MP: 0/29
 32636 | Spider:4 | Reached skill level 15 in Translocations
 33410 | Spider:4 | Got a gossamer rune of Zot
 33729 | Spider:2 | Learned a level 3 spell: Portal Projectile
 34030 | Orc:1    | Entered Level 1 of the Orcish Mines
 34524 | Orc:2    | Entered Level 2 of the Orcish Mines
 34731 | Orc:2    | Noticed Maurice
 34738 | Orc:2    | Killed Maurice
 34985 | Orc:2    | Found Loef's Distillery.
 35160 | Orc:2    | Found Kiept's Magic Scroll Shop.
 35224 | Orc:2    | Bought a potion of haste for 100 gold pieces
 35224 | Orc:2    | Bought a potion of resistance for 100 gold pieces
 35224 | Orc:2    | Bought a potion of might for 40 gold pieces
 35226 | Orc:2    | Bought a scroll of blinking for 112 gold pieces
 35226 | Orc:2    | Bought a scroll of blinking for 112 gold pieces
 35411 | Orc:2    | Reached skill level 5 in Air Magic
 35631 | Orc:2    | Found a one-way gate leading to the halls of Pandemonium.
 35645 | Orc:2    | Found Yliudirel's Jewellery Emporium.
 35761 | Orc:2    | Found Padex's Antique Armour Shoppe.
 35791 | Orc:2    | Bought the ring of the Catamount {rElec EV+4} for 700 gold
                  | pieces
 35797 | Orc:2    | Bought an embroidered scarf for 216 gold pieces
 35797 | Orc:2    | Bought a shadowed robe for 153 gold pieces
 35797 | Orc:2    | Identified the +4 robe "Jukhosy" {Int-3 Dex+2 Slay+3} (You
                  | bought it in a shop on level 2 of the Orcish Mines)
 35798 | Orc:2    | Reached ***** piety under Ashenzari
 35808 | Orc:2    | Bought an amulet of regeneration for 420 gold pieces
 36033 | Orc:2    | Found a staircase to the Elven Halls.
 36795 | Swamp:1  | Reached XP level 17. HP: 90/90 MP: 27/32
 37649 | Swamp:2  | Reached skill level 16 in Stealth
 37760 | Swamp:2  | HP: 2/90 [eleionoma/spray of wooden splinters (48)]
 38683 | Swamp:2  | Learned a level 6 spell: Dispersal
 39044 | Swamp:3  | Identified the +2 buckler of Impressiveness {rElec rN+
                  | Int+4 Stlth-}
 39205 | Swamp:3  | Reached skill level 5 in Conjurations
 39867 | Swamp:3  | Reached skill level 5 in Armour
 39979 | Swamp:4  | Entered Level 4 of the Swamp
 40058 | Swamp:4  | Noticed Bai Suzhen
 41841 | Swamp:4  | Noticed the 27-headed Lernaean hydra
 42409 | Swamp:3  | Upgraded the game from 0.28-a0-239-g68911e0c57 to
                  | 0.28-a0-245-g639a1a48b9
 43085 | Swamp:4  | Noticed a tentacled monstrosity
 43724 | Swamp:4  | Killed Bai Suzhen
 44144 | Swamp:3  | Killed a tentacled monstrosity
 44661 | Swamp:4  | Killed the 27-headed Lernaean hydra
 44904 | Swamp:4  | Got a decaying rune of Zot
 44922 | Swamp:4  | Reached XP level 18. HP: 96/96 MP: 29/34
 45471 | Swamp:4  | Reached skill level 17 in Stealth
 46125 | Vaults:1 | Entered Level 1 of the Vaults
 46391 | Vaults:1 | Learned a level 5 spell: Lee's Rapid Deconstruction
 46615 | Vaults:1 | Noticed Asterion
 46730 | Vaults:1 | Killed Asterion
 47480 | Vaults:1 | Identified the +7 scimitar "Wutriojy" {flame, rN+ Str-3
                  | Int+4 Stlth+}
 47826 | Vaults:1 | Reached skill level 5 in Earth Magic
 47924 | Vaults:1 | Reached skill level 10 in Evocations
 48966 | Vaults:1 | Found a portal to a secret trove of treasure.
 49297 | Vaults:2 | HP: 3/101 [ironbound frostheart/creeping frost[a boggart]
                  | (37)]
 49844 | Vaults:2 | Reached skill level 10 in Fighting
 49844 | Vaults:2 | Reached skill level 18 in Stealth
 50375 | Vaults:2 | Found Cuanlue's Armour Boutique.
 51033 | Vaults:2 | Identified the +8 chain mail "Hessub" {rC+}
 52298 | Vaults:2 | Shot with a bolt by a yaktaur captain

Illustrated notes

Levels and vault maps discovered:
D:1:      scummos_arrival_hexagon, layout_loops_cross
D:2:      layout_basic
D:3:      layout_loops_ring, hellmonk_ecumenical_altar_watching_god,
          serial_shops, shop_statue, uniq_grinder, uniq_natasha
D:4:      layout_rooms, hex_large, grunt_decor_mini_mirrors,
          nicolae_inconvenience_store
D:5:      layout_rooms, st_stairs_9
D:6:      layout_cave_pools, lemuel_doored_altar, temple_statues,
          roderic_cross_of_infinity, uniq_sigmund, uniq_blork_the_orc,
          uniq_crazy_yiuf_cottage, uniq_duvessa
D:7:      layout_cave_pools, serial_undead, serial_undead_f, serial_undead_e,
          serial_undead_c, serial_undead_f, uniq_pikel
D:8:      layout_basic, minmay_misc_feat_secret_circle
D:9:      layout_roguey, dpeg_lair_monsters, enter_bailey_2, uniq_erolcha,
          uniq_psyche
D:10:     layout_gridville, grunt_ministairs_5, uniq_erica, uniq_snorg
D:11:     layout_grid_maze
D:12:     layout_cave_pools, david_orc_3
D:13:     layout_long_grid, uniq_azrael
D:14:     layout_basic, david_vaults_5, minmay_misc_feat_tiny
D:15:     gammafunk_depths_entry_grave, layout_basic, minmay_misc_feat_rows
Temple:   kilobyte_greek_temple
Lair:1:   layout_roguey
Lair:2:   layout_roguey, spider_nest_entry_rubble, st_stairs_13,
          serial_bayou_shore_b, grunt_megastairs_5, lemuel_fruit_fields,
          infiniplex_staircase_pool_2
Lair:3:   layout_concentric_octagons, minmay_swamp_entry_reptiles,
          beast_lair_carwin_10, uniq_nergalle
Lair:4:   layout_cave_pods, basic_altar, bh_autumn_forest_stairs
Lair:5:   layout_regular_city, dpeg_slime_entry_enclosed_altar,
          infiniplex_staircase_pool
Lair:6:   hangedman_lair_in_review, layout_gridlike, st_stairs_7,
          kennysheep_snail_temple, serial_bayou_shore_b
Swamp:1:  layout_basic_swamp, portal_ice_cave_entry_pillars_2,
          wheals_swamp_sinkhole, swamp_pool4
Swamp:2:  layout_basic_swamp, serial_swamp_ruin, evilmike_swamp_ruin_rubble_2,
          evilmike_swamp_ruin_house_2, swamp_pool4,
          nicolae_swamp_round_clearing, nicolae_swamp_some_circles
Swamp:3:  layout_basic_swamp, nicolae_swamp_dense_foliage, swamp_pool1,
          nicolae_swamp_spriggan_camp
Swamp:4:  grunt_swamp_rune_castle, layout_basic_swamp, grunt_hermit_hut,
          uniq_bai_suzhen
Spider:1: layout_spider_delve
Spider:2: layout_spider_delve, nicolae_spider_not_touching_you, uniq_arachne,
          uniq_aizul
Spider:3: layout_spider_delve, uniq_kirke
Spider:4: spider_rune_water, special_room [special_room_bee],
          nicolae_crawler_farm
Orc:1:    layout_diamond_mine
Orc:2:    pf_orc_diabolical, layout_caves, uniq_maurice
Vaults:1: hangedman_vaults_pinch, v_misc_23, grunt_vaults_twisty,
          hangedman_vaults_snaps, nicolae_vaults_bisected_inception,
          vaults_room_hangedman_quadrants, vaults_room_door_ring,
          nicolae_vaults_little_squares_1, ontoclasm_vaults_gateway,
          nicolae_vaults_rhombus_6, layout_vaults_omnicross,
          trove_entry_hex_spiral, uniq_asterion
Vaults:2: nicolae_vaults_specimen_jars, ontoclasm_vaults_tryst,
          ontoclasm_vaults_misaligned, st_hourglassy, v_misc_1,
          grunt_vaults_hallway_long, ontoclasm_vaults_loading_screen,
          ontoclasm_vaults_fault, v_misc_19, vaults_dpeg_encased_lava,
          hangedman_vaults_river_flow, ontoclasm_vaults_shuriken, v_pattern_4,
          nicolae_vaults_mini_display_case, dpeg_vaults_monster_box,
          layout_vaults_big_room, serial_shops, shop
Vaults:3: minmay_crypt_entry_simple_walls, hangedman_vaults_hat, v_misc_3,
          v_alt_pattern_6, nicolae_vaults_ninety_degrees, vaults_mumra_chevron,
          ontoclasm_vaults_loading_screen, layout_vaults_omnigrid, serial_shops,
          shop_coins

Skill      XL: |  1  2  3  4  5  6  7  8  9 10 11 12 13 14 15 16 17 18 |
---------------+-------------------------------------------------------+-----
Spellcasting   | 3 4 5 6 7 8 9 |  9.8
Hexes          | 4 5 6 7 8 10 11 12 | 12.2
Stealth        | 5 6 7 8 9 11 12 13 14 15 16 18 | 18.4
Short Blades   | 2 3 4 5 6 |  6.5
Ice Magic      | 1 2 3 4 5 6 7 8 |  8.6
Shields        | 1 3 4 6 7 |  7.2
Translocations | 3 4 6 8 9 11 12 14 15 16 | 16.8
Crossbows      | 3 5 6 7 8 |  8.0
Fighting       | 3 4 5 6 7 8 9 10 | 10.3
Earth Magic    | 2 3 4 6 |  6.6
Dodging        | 5 7 9 11 12 13 | 13.3
Evocations     | 4 6 8 11 | 11.2
Air Magic      | 2 5 |  5.3
Armour         | 2 4 5 |  5.8
Conjurations   | 2 4 5 |  5.8

Action                   |  1- 3 |  4- 6 |  7- 9 | 10-12 | 13-15 | 16-18 || total
-------------------------+-------+-------+-------+-------+-------+-------++-------
Melee: Dagger            |    89 |   212 |   316 |   362 |   492 |   442 ||  1913
       Hand crossbow     |       |       |       |       |     1 |       ||     1
 Fire: Hand crossbow     |       |       |     5 |   139 |   656 |  1279 ||  2079
Throw: Dart              |     8 |       |       |     6 |     1 |       ||    15
 Cast: Ensorcelled Hiber |    13 |    50 |    61 |   116 |   181 |   158 ||   579
       Tukima's Dance    |       |     4 |    12 |     8 |     2 |       ||    26
       Confusing Touch   |       |     1 |     5 |     7 |     4 |     4 ||    21
       Passwall          |       |       |       |     8 |    36 |     1 ||    45
       Manifold Assault  |       |       |       |     1 |     4 |       ||     5
       Metabolic Englaci |       |       |       |       |     6 |     4 ||    10
       Blink             |       |       |       |       |     1 |    12 ||    13
       Portal Projectile |       |       |       |       |       |    51 ||    51
       Freezing Cloud    |       |       |       |       |       |    45 ||    45
       Dispersal         |       |       |       |       |       |    16 ||    16
       Lee's Rapid Decon |       |       |       |       |       |    12 ||    12
Invok: Curse Item        |       |       |     2 |     2 |     1 |     4 ||     9
       Shatter the Chain |       |       |       |       |       |     3 ||     3
Evoke: Wand              |       |       |     1 |     7 |     6 |    42 ||    56
       Phial of floods   |       |       |       |       |     2 |     4 ||     6
       Box of beasts     |       |       |       |       |       |     5 ||     5
  Use: Potion            |     1 |       |     1 |     1 |     3 |     8 ||    14
       Scroll            |       |       |    11 |     4 |     4 |    10 ||    29
 Stab: Sleeping          |    23 |    41 |    38 |    75 |   166 |    95 ||   438
       Distracted        |       |     3 |     1 |     2 |       |     8 ||    14
       Confused          |       |     1 |     5 |     9 |     8 |     3 ||    26
       Petrified         |       |       |       |       |     2 |       ||     2
       Invisible         |       |       |       |       |       |     1 ||     1
       Paralysed         |       |       |       |       |       |     1 ||     1
Armor: Robe              |     7 |    23 |    24 |    22 |       |    32 ||   108
       Troll leather arm |       |       |       |    24 |   113 |    49 ||   186
Dodge: Dodged            |    53 |   170 |   185 |   215 |   717 |  1083 ||  2423
Block: Buckler           |       |       |       |   101 |   372 |   570 ||  1043

Table legend: (Time is in decaauts)
 A = Elapsed time spent in this place.
 B = Non-inter-level travel time spent in this place.
 C = Inter-level travel time spent in this place.
 D = Time resting spent in this place.
 E = Time spent auto-exploring this place.
 F = Levels seen in this place.
 G = Mean time per level.
                   A        B        C        D        E       F      G
               +--------+--------+--------+--------+--------+-----+--------+
         Total |  41475 |  39532 |   1943 |  10836 |  17786 |  36 | 1152.1 |
       Dungeon |  17075 |  16073 |   1002 |   4156 |   7964 |  15 | 1138.3 |
        Temple |     90 |     71 |     19 |      0 |     62 |   1 |   90.0 |
          Lair |   5539 |   5146 |    393 |    743 |   3021 |   6 |  923.2 |
         Swamp |   8697 |   8396 |    301 |   3659 |   2939 |   4 | 2174.2 |
   Spider Nest |   3173 |   3071 |    102 |    352 |   1126 |   4 |  793.2 |
  Orcish Mines |   1551 |   1530 |     21 |     23 |    773 |   2 |  775.5 |
        Vaults |   5180 |   5078 |    102 |   1852 |   1871 |   3 | 1726.7 |
        Bailey |    167 |    167 |      0 |     49 |     27 |   1 |  167.0 |
               +--------+--------+--------+--------+--------+-----+--------+

Top non-repeatable levels by time:
 Swamp:3: 4156 daAuts
Vaults:1: 3269 daAuts
     D:8: 2258 daAuts
Vaults:2: 1905 daAuts
Spider:4: 1786 daAuts
 Swamp:2: 1741 daAuts
     D:5: 1629 daAuts
     D:6: 1585 daAuts
     D:2: 1436 daAuts
 Swamp:4: 1419 daAuts
     D:3: 1386 daAuts
 Swamp:1: 1381 daAuts
     D:4: 1248 daAuts
     D:9: 1241 daAuts
   Orc:2: 1214 daAuts
